Map: Data-C

Players

Cognite

  • Race: Protoss Protoss
  • Spawn Location: 9:00

Ryung - Winner!

  • Race: Terran Terran
  • Spawn Location: 3:00

Event: DreamHack SC2 Masters 2022 Atlanta (Offline)

VOD

Have the link to the VOD?

Description

Time

  • Played on: Nov. 18, 2022, 10:14 a.m.
  • Length: 11:05

All games in this series

Show
View Real Time Build Order
Export as new Build Order

Cognite Protoss 

Build Orders: 1 Gate Expand 

Get SALT Encoding   

  12  0:00  Probe  
  13  0:12  Probe  
  14  0:17  Pylon  
  14  0:24  Probe (Chrono Boost)  
  15  0:36  Probe (Chrono Boost)  
  15  0:37  Gateway  
  16  0:44  Probe (Chrono Boost)  
  16  0:46  Assimilator  
  17  0:50  Probe  
  18  1:03  Probe  
  19  1:15  Probe  
  20  1:26  Cybernetics Core  
  20  1:27  Probe  
  21  1:37  Nexus  
  21  1:40  Probe  
  22  1:49  Pylon  
  22  1:53  Probe  
  23  1:55  Assimilator  
  23  2:06  Adept (Chrono Boost)  
  23  2:07  Probe  
  26  2:11  Warp Gate  
  26  2:19  Probe  
  27  2:31  Probe  
  27  2:32  Stalker  
  31  2:45  Probe (Chrono Boost)  
  31  2:52  Probe (Chrono Boost)  
  33  3:01  Probe x2 (Chrono Boost), Gateway  
  33  3:03  Robotics Facility  
  34  3:06  Probe (Chrono Boost)  
  34  3:08  Probe  
  36  3:16  Stalker  
  36  3:18  Probe  
  39  3:20  Probe  
  39  3:23  Shield Battery  
  40  3:30  Probe  
  40  3:32  Probe  
  42  3:34  Pylon  
  42  3:42  Probe  
  42  3:44  Probe  
  44  3:51  Observer  
  44  3:54  Probe  
  44  3:55  Twilight Council  
  46  3:56  Probe  
  46  3:59  Stalker  
  46  4:00  Stalker  
  51  4:06  Probe  
  51  4:08  Probe  
  53  4:14  Observer  
  54  4:26  Pylon  
  54  4:29  Nexus  
  54  4:31  Pylon  
  54  4:33  Assimilator  
  54  4:40  Blink (Chrono Boost)  
  54  4:44  Probe x2  
  56  4:48  Pylon  
  56  4:50  Immortal (Chrono Boost)  
  60  4:57  Probe x2  
  60  4:58  Gateway  
  60  4:59  Observer, Gateway  
  62  5:00  Shield Battery  
  62  5:04  Shield Battery  
  62  5:07  Stalker x2  
  62  5:09  Probe  
  62  5:11  Probe  
  63  5:29  Observer (Chrono Boost)  
  63  5:31  Probe (Chrono Boost)  
  65  5:35  Probe (Chrono Boost)  
  65  5:39  Probe (Chrono Boost)  
  65  5:41  Probe  
  67  5:44  Stalker x2  
  71  6:00  Zealot x2  
  75  6:05  Probe  
  75  6:08  Zealot x2, Immortal  
  84  6:12  Gateway  
  84  6:15  Gateway  
  84  6:21  Zealot x2  
  88  6:30  Zealot x2  
  78  6:50  Stalker x2  
  72  6:59  Stalker x2  
  72  7:01  Probe  
  72  7:13  Observer, Probe x3 (Chrono Boost)  
  75  7:16  Assimilator  
  75  7:19  Forge, Gateway  
  75  7:20  Gateway  
  74  7:24  Charge (Chrono Boost), Probe (Chrono Boost)  
  74  7:26  Probe (Chrono Boost)  
  74  7:29  Observer  
  77  7:36  Sentry  
  77  7:37  Zealot x3, Sentry  
  81  7:38  Observer, Probe  
  81  7:43  Pylon  
  88  7:45  Probe  
  88  7:48  Protoss Ground Weapons Level 1 (Chrono Boost), Shield Battery  
  89  7:52  Pylon  
  89  7:56  Robotics Bay  
  89  7:58  Probe x2  
  91  8:04  Probe  
  92  8:07  Stalker  
  92  8:10  Probe x2  
  94  8:17  Probe  
  94  8:19  Zealot x3  
  101  8:22  Probe  
  101  8:25  Pylon  
  102  8:27  Pylon  
  102  8:31  Stalker x2  
  107  8:34  Probe  
  107  8:36  Zealot  
  109  8:43  Probe  
  109  8:44  Probe  
  109  8:46  Zealot, Probe  
  109  8:47  Zealot x3  
  120  8:55  Probe  
  120  8:56  Probe  
  120  8:58  Zealot  
  124  9:05  Cybernetics Core  
  124  9:09  Zealot x4  
  120  9:10  Pylon  
  120  9:13  Pylon  
  120  9:15  Stalker x3  
  120  9:22  Zealot  
  118  9:30  Zealot  
  118  9:31  Zealot x3  
  116  9:45  Probe  
  111  9:48  Zealot x2  
  111  9:49  Zealot x2  
  111  9:52  Stalker  
  121  9:56  Zealot  
  121  9:57  Zealot  
  108  10:10  Sentry  
  108  10:11  Zealot x2, Sentry  
  113  10:16  Stalker  
  103  10:24  Stalker  
  103  10:25  Stalker  
  96  10:39  Zealot x2  
  96  10:42  Pylon  
  98  10:51  Nexus  
  98  10:53  Pylon  
Show
View Real Time Build Order
Export as new Build Order

Ryung Terran - Winner!

Build Orders: Banshee Rush 

Get SALT Encoding   

  12  0:00  SCV  
  13  0:12  SCV  
  14  0:17  Supply Depot  
  14  0:24  SCV  
  15  0:39  SCV, Barracks  
  16  0:43  Refinery  
  16  0:51  SCV  
  16  0:53  Refinery  
  17  1:03  SCV  
  18  1:15  SCV  
  19  1:24  Supply Depot  
  19  1:26  Reaper  
  19  1:27  Orbital Command  
  20  1:43  Factory  
  20  1:53  SCV  
  21  1:58  Barracks Reactor  
  21  2:05  SCV  
  22  2:17  SCV  
  22  2:21  Command Center  
  23  2:26  Factory Tech Lab  
  23  2:29  SCV  
  24  2:35  Starport  
  24  2:40  Marine  
  24  2:41  SCV  
  24  2:43  Marine  
  27  2:50  Supply Depot  
  27  2:53  SCV  
  28  3:01  Cyclone  
  31  3:11  Starport Tech Lab  
  31  3:12  SCV, Marine x2  
  34  3:24  SCV  
  35  3:30  Banshee  
  35  3:34  Cloaking Field  
  38  3:36  Orbital Command  
  38  3:39  SCV  
  39  3:42  Marine x2  
  41  3:51  SCV  
  42  3:56  Siege Tank  
  45  4:03  Supply Depot  
  45  4:04  SCV x2  
  45  4:06  Marine  
  45  4:07  Marine  
  49  4:16  SCV x2, Banshee  
  54  4:22  Supply Depot  
  53  4:29  SCV  
  53  4:30  Bunker  
  54  4:38  Siege Tank  
  57  4:39  SCV  
  57  4:42  SCV  
  59  4:49  Marine x2  
  59  4:51  SCV  
  62  4:54  Supply Depot, SCV  
  62  4:59  Banshee  
  66  5:03  SCV  
  66  5:04  Supply Depot  
  66  5:06  SCV  
  68  5:13  Barracks  
  68  5:15  SCV  
  68  5:18  SCV  
  68  5:20  Siege Tank  
  73  5:28  SCV, Marine x2  
  76  5:30  SCV  
  76  5:31  Refinery  
  76  5:33  Engineering Bay  
  77  5:35  Supply Depot  
  77  5:37  Barracks  
  77  5:40  SCV  
  77  5:42  SCV  
  79  5:48  Marine  
  79  5:49  Marine  
  81  5:52  SCV  
  81  5:53  Supply Depot  
  81  5:54  Supply Depot, SCV  
  83  6:00  Refinery  
  83  6:04  SCV  
  83  6:06  SCV, Stimpack  
  85  6:12  Marine x2  
  85  6:16  SCV  
  88  6:18  SCV  
  88  6:19  Factory Reactor  
  89  6:26  Terran Infantry Weapons Level 1  
  89  6:28  Command Center, SCV  
  89  6:30  SCV  
  91  6:33  Barracks  
  91  6:35  Barracks  
  91  6:38  Marine  
  91  6:39  Combat Shield, Marine  
  92  6:40  SCV, Starport Reactor  
  92  6:43  SCV  
  92  6:44  Marauder x2  
  91  6:54  SCV  
  78  6:55  SCV  
  78  6:57  Marine x2  
  78  7:00  Widow Mine x2  
  83  7:05  Marauder x2  
  83  7:07  Supply Depot  
  87  7:09  Supply Depot  
  87  7:10  Supply Depot  
  84  7:16  Marine x2  
  84  7:21  Medivac x2  
  84  7:22  Widow Mine  
  91  7:24  Widow Mine  
  91  7:27  Marauder x2  
  91  7:28  Barracks Reactor, Barracks Tech Lab  
  94  7:33  SCV x2  
  94  7:36  Marine x2  
  98  7:42  Missile Turret  
  98  7:43  Widow Mine  
  100  7:46  Concussive Shells  
  100  7:50  Marine x3  
  103  7:51  Medivac x2  
  103  7:57  Widow Mine  
  109  7:59  SCV x2  
  109  8:05  Marine x4  
  115  8:11  Widow Mine  
  117  8:16  Orbital Command  
  117  8:18  SCV x2, Widow Mine  
  117  8:19  Refinery x2  
  121  8:21  Medivac x2, Terran Infantry Armor Level 1  
  121  8:25  Marauder x2  
  129  8:30  SCV, Marine x2  
  129  8:31  Marine x2  
  134  8:36  Command Center  
  134  8:39  SCV  
  134  8:40  Armory  
  134  8:41  Ghost Academy  
  135  8:42  SCV  
  135  8:43  Marauder  
  135  8:46  Marauder  
  140  8:51  SCV, Widow Mine x2, Marine x3  
  148  9:00  Supply Depot  
  148  9:02  Supply Depot x2  
  140  9:13  Marine  
  140  9:14  Marauder x3, Marine x3  
  148  9:21  Enhanced Shockwaves  
  148  9:22  Widow Mine x2  
  152  9:34  Ghost x3  
  152  9:37  Marine x4  
  158  9:48  Engineering Bay  
  158  9:49  Barracks  
  158  9:50  Barracks  
  158  9:51  Barracks  
  158  9:56  Marine x4  
  158  10:00  Widow Mine x2  
  158  10:05  Ghost  
  158  10:06  Ghost  
  161  10:07  Ghost  
  161  10:10  SCV x2  
  161  10:11  SCV  
  166  10:16  Marine x3  
  159  10:22  Widow Mine x2  
  159  10:28  Marine  
  159  10:30  Medivac x2  
  159  10:34  Marine x3  
  167  10:40  Supply Depot, Barracks Tech Lab x2  
  167  10:42  Barracks Reactor  
  164  10:49  Engineering Bay  
Tags
 
Add a new tag
Caveats
  • Supply blocks, unpowered buildings, or Contaminate may cause inaccurate times.
  • Supply counts are checked every 10 seconds.